 Dungeon Crawl Stone Soup version 0.20.1-1-g8b1a95d (webtiles) character file.

214 ReteAZ the Ruffian (level 5, -1/50 HPs)
             Began as a Troll Monk on Aug 6, 2017.
             Killed from afar by an orc wizard (13 damage)
             ... with a puff of flame
             ... on level 4 of the Dungeon.
             The game lasted 00:03:36 (2222 turns).

ReteAZ the Ruffian (Troll Monk)                     Turns: 2222, Time: 00:03:36

Health: -1/50      AC:  5    Str: 19    XL:     5   Next: 59%
Magic:  4/4        EV: 10    Int:  7    God:
Gold:   208        SH:  0    Dex: 12    Spells: 4/4 levels left

rFire    . . .     SeeInvis .     - Unarmed
rCold    . . .     Gourm    +   (no shield)
rNeg     . . .     Faith    .   a - +0 robe
rPois    .         Spirit   .   (helmet restricted)
rElec    .         Reflect  .   (no cloak)
rCorr    .         Harm     .   (gloves unavailable)
MR       .....                  (boots unavailable)
Stlth    ++........             (no amulet)
Regen    0.6/turn               (no ring)
MPRegen  0.1/turn               (no ring)

@: very slightly contaminated, invisible
A: unfitting armour, claws 3, fast metabolism 3, gourmand, regeneration 1,
shaggy fur 1, tough skin 2
a: no special abilities


You were on level 4 of the Dungeon.
You were completely stuffed.

You visited 1 branch of the dungeon, and saw 4 of its levels.

You collected 208 gold pieces.

Inventory:

Armour
 a - a +0 robe (worn)
Jewellery
 s - a cursed ring of protection from fire {unknown}
Wands
 l - a wand of flame (6/48)
Scrolls
 c - 2 scrolls of teleportation {unknown}
 e - a scroll of fog {unknown}
 f - 5 scrolls of remove curse {unknown}
 g - a scroll of enchant weapon {unknown}
 i - 3 scrolls of fear {unknown}
 k - 2 scrolls of identify {unknown}
 o - 3 scrolls of recharging {unknown}
 p - a scroll of blinking {unknown}
 r - a scroll of enchant armour {unknown}
 t - a scroll of magic mapping {unknown}
Potions
 d - a potion of flight {unknown}
 h - a potion of ambrosia {unknown}
 j - a potion of invisibility
 q - a potion of agility
 u - a potion of heal wounds {unknown}
 v - a potion of lignification {unknown}
Comestibles
 b - 8 bread rations
 m - 3 fruits
 n - 3 royal jellies


   Skills:
 - Level 2.4 Fighting
 - Level 2.4 Dodging
 - Level 1.0 Stealth
 + Level 6.4 Unarmed Combat


You had 4 spell levels left.
You didn't know any spells.

Dungeon Overview and Level Annotations

Branches:
Dungeon (4/15)
 Temple: D:4-7

Altars:
Ashenzari
Nemelex Xobeh
Ru
Trog

Shops:
D:4 [


Innate Abilities, Weirdness & Mutations

You are too large for most types of armour.
You have claws for hands.
Your metabolism is lightning-fast.
You like to eat raw meat.
Your natural rate of healing is unusually fast.
You are covered in fur. (AC +1)
You have very tough skin. (AC +2)


Message History

The hound barks!
The jackal bites you but does no damage.
The orc wizard hits the orc wizard with a dagger.
The jackal bites you but does no damage.
The orc priest mumbles some strange prayers to Beogh against the orc wizard.
The orc wizard writhes in agony!
The orc wizard dies!
The orc wizard closely misses you.
The orc hits you with a mace of protection.
* * * LOW HITPOINT WARNING * * *
The jackal closely misses you. The orc priest barely misses you.
Found a scroll labeled JECRASSEFIKK.
Found Kumer's Antique Armour Shoppe.
Things that are here:
a dagger; a robe You closely miss the orc wizard.
The orc wizard is moderately wounded.
The jackal barely misses you. The orc wizard casts a spell at you.
The puff of flame hits you!
You die...

#.................#..
..##.....$...........#..
?...?................#..
....................#..
....................#..
##.................##.
#...hh.$...........##.
#.ooh......†.....#..
#..@o............#..
####ho##.....#####'###.
#..... #.....###....##.
##.... #...............
#..>. #...............
#.... +..(.........###
#.... #...##.##....##.
#...∩ ####....##.
#..........


You could see 2 hounds, an orc priest, an orc wizard, 2 orcs and 2 jackals.

Vanquished Creatures
  A hound (D:4)
  Jessica (D:2)
  2 worker ants (D:4)
  Robin (D:2)
  An adder (D:2)
  A worm (D:3)
  2 dart slugs
  3 leopard geckos
  An orc (D:3)
  5 giant cockroaches
  14 goblins
  8 hobgoblins
  10 kobolds
  7 bats
  7 frilled lizards
  15 rats
79 creatures vanquished.

Vanquished Creatures (others)
  An orc wizard (D:4)
1 creature vanquished.

Grand Total: 80 creatures vanquished

Notes
Turn   | Place    | Note
-------+----------+-------------------------------------------
     0 | D:1      | ReteAZ the Troll Monk began the quest for the Orb.
     0 | D:1      | Reached XP level 1. HP: 22/22 MP: 0/0
   201 | D:1      | Reached XP level 2. HP: 26/29 MP: 1/1
   410 | D:1      | Reached skill level 4 in Unarmed Combat
   685 | D:2      | Found a sparkling altar of Nemelex Xobeh.
   775 | D:2      | Reached XP level 3. HP: 36/36 MP: 2/2
   973 | D:2      | Noticed Jessica
   978 | D:2      | Killed Jessica
  1001 | D:2      | Reached XP level 4. HP: 42/44 MP: 3/3
  1073 | D:2      | Reached skill level 5 in Unarmed Combat
  1092 | D:2      | Noticed Robin
  1126 | D:2      | Killed Robin
  1126 | D:2      | HP: 2/44 [goblin/club[Robin] (4)]
  1439 | D:3      | Found a faded altar of an unknown god.
  1466 | D:3      | Found a shattered altar of Ashenzari.
  1639 | D:3      | Found a sacrificial altar of Ru.
  2020 | D:4      | Reached XP level 5. HP: 48/50 MP: 4/4
  2025 | D:4      | Reached skill level 6 in Unarmed Combat
  2106 | D:4      | Noticed a moth of wrath
  2109 | D:4      | Found a bloodstained altar of Trog.
  2221 | D:4      | Found Kumer's Antique Armour Shoppe.
  2222 | D:4      | Killed from afar by an orc wizard

Skill      XL: |  1  2  3  4  5 |
---------------+----------------+-----
Unarmed Combat | 4 5 6 |  6.4
Fighting       | |  2.4
Dodging        | |  2.4
Stealth        | |  1.0

Action                   |  1- 3 |  4- 6 || total
-------------------------+-------+-------++-------
Melee: Unarmed           |    66 |   129 ||   195
       Punch             |       |     1 ||     1
  Use: Potion            |       |     3 ||     3
 Stab: Sleeping          |     4 |     3 ||     7
       Invisible         |       |     1 ||     1
  Eat: Chunk             |     7 |    19 ||    26
Armor: Robe              |    29 |    50 ||    79
Dodge: Dodged            |    32 |   105 ||   137
